 Dungeon Crawl Stone Soup version 0.20.1-1-g8b1a95d (webtiles) character file.

83 gobwax the Slasher (level 4, -4/35 HPs)
             Began as a Formicid Fighter on Sept 8, 2017.
             Killed by nerve-wracking pain
             ... invoked by an orc priest
              (14 damage)
             ... on level 2 of the Dungeon.
             The game lasted 00:02:05 (1944 turns).

gobwax the Slasher (Formicid Fighter)               Turns: 1944, Time: 00:02:05

Health: -4/35      AC:  6    Str: 21    XL:     4   Next: 71%
Magic:  4/4        EV:  7    Int:  8    God:
Gold:   119        SH:  9    Dex: 10    Spells: 3/3 levels left

rFire    . . .     SeeInvis +   a - +0 long sword
rCold    . . .     Gourm    .   c - +0 shield
rNeg     . . .     Faith    .   b - +0 scale mail
rPois    .         Spirit   .   (helmet unavailable)
rElec    .         Reflect  .   (no cloak)
rCorr    .         Harm     .   (no gloves)
MR       .....                  (no boots)
Stlth    ..........             (no amulet)
Regen    0.2/turn               (no ring)
MPRegen  0.1/turn               (no ring)

@: no status effects
A: permanent stasis, dig shafts and tunnels, four strong arms, antennae 3
a: Dig, Shaft Self


You were on level 2 of the Dungeon.
You were hungry.

You visited 1 branch of the dungeon, and saw 3 of its levels.

You collected 119 gold pieces.

Inventory:

Hand Weapons
 a - a +0 long sword (weapon)
Armour
 b - a +0 scale mail (worn)
 c - a +0 shield (worn)
Jewellery
 e - a +2 ring of evasion {unknown}
 h - an uncursed ring of magical power {unknown}
Scrolls
 l - 2 scrolls of remove curse {unknown}
 m - a scroll of random uselessness {unknown}
 n - 2 scrolls of teleportation {unknown}
 s - a scroll of identify {unknown}
Potions
 d - 3 potions of might
 i - a potion of haste {unknown}
 j - 2 potions of lignification {unknown}
 p - 2 potions of curing {unknown}
 q - a potion of flight {unknown}
 r - a potion of invisibility {unknown}
Books
 o - a book of Cantrips

   Spells                             Type                      Level
   a - Confusing Touch                Hexes                        1
   b - Animate Skeleton               Necromancy                   1
   c - Summon Small Mammal            Summoning                    1
   d - Apportation                    Translocation                1
Comestibles
 f - 3 bread rations
 g - a meat ration
 k - 4 fruits


   Skills:
 - Level 3.2 Fighting
 * Level 4.5 Long Blades
 - Level 3.2 Armour
 - Level 3.6 Shields


You had 3 spell levels left.
You didn't know any spells.

Dungeon Overview and Level Annotations

Branches:
Dungeon (3/15)

Altars:


Innate Abilities, Weirdness & Mutations

You cannot be hasted, slowed, berserked, paralysed or teleported.
You can dig through walls and to a lower floor.
Your four strong arms can wield two-handed weapons with a shield.
You have a pair of large antennae on your head. (SInv)


Message History

No target in view!
No target in view!
No target in view!
You start resting.
You are feeling hungry.
You climb downwards.
There is a stone staircase leading up, spattered with blood here.
The orc priest hits you with a mace. The orc priest hits you with a flail.
You climb upwards.
There is a stone staircase leading down here.
Your shield and scale mail prevent you from hitting the orc priest.
The orc priest looks encouraged for a moment.
The orc priest hits you with a mace.
The orc priest invokes the aid of Beogh against you.
Pain shoots through your body!
* * * LOW HITPOINT WARNING * * *
The orc priest hits you but does no damage.
The orc priest calls down the wrath of Beogh upon you.
Pain shoots through your body!
You die...

.###..#...........##### #..
...##.##.##...........# #..
.#.##..#..............# ####
.#...#.###............# #...
####.#.....#.......)..# ###... #
#..#.##.#..........######..... #
##...##.#.................#...
####....##..#####..###########...
.##...........o>@.## ##...
....#.........o#### #..##
..............## #.##
..###.......(.# ###########.# .##
#########.# #...........# .##
####.#####.......>...# ..#
##.......##..........## ..#
##..........รท.........# ..#
#.....................#


You could see 2 orc priests.

Vanquished Creatures
  2 adders (D:2)
  An ooze (D:2)
  A dart slug (D:1)
  A leopard gecko (D:1)
  2 orcs (D:2)
  4 bats
  4 giant cockroaches
  7 goblins
  5 hobgoblins
  7 jackals
  4 kobolds (D:1)
  2 quokkas (D:2)
  3 frilled lizards
  6 rats
49 creatures vanquished.

Notes
Turn   | Place    | Note
-------+----------+-------------------------------------------
     0 | D:1      | gobwax the Formicid Fighter began the quest for the Orb.
     0 | D:1      | Reached XP level 1. HP: 18/18 MP: 1/1
    22 | D:1      | Reached XP level 2. HP: 14/24 MP: 2/2
   394 | D:1      | Reached skill level 3 in Long Blades
   508 | D:1      | Reached XP level 3. HP: 27/29 MP: 3/3
   877 | D:1      | You fall through a shaft!
   938 | D:2      | Reached XP level 4. HP: 24/35 MP: 4/4
   969 | D:2      | Reached skill level 4 in Long Blades
  1944 | D:2      | Killed from afar by an orc priest

Skill      XL: |  1  2  3  4 |
---------------+-------------+-----
Long Blades    | 3 4 |  4.5
Fighting       | |  3.2
Armour         | |  3.2
Shields        | |  3.6

Action                   |  1- 3 |  4- 6 || total
-------------------------+-------+-------++-------
Melee: Long sword        |    85 |    54 ||   139
  Eat: Chunk             |       |     3 ||     3
Armor: Scale mail        |    40 |    22 ||    62
Dodge: Dodged            |    32 |    23 ||    55
Block: Shield            |    53 |    32 ||    85
       Rpst.: Long sword |    11 |     7 ||    18
